 Dungeon Crawl Stone Soup version 0.32-a0-132-g2d33c3cfaf (webtiles) character file.

Game seed: 15809354526381857451

3 SmokeWeed the Sneak (level 1, -2/10 HPs)
             Began as a Kobold Enchanter on Feb 9, 2024.
             Frozen to death by an endoplasm (4 damage)
             ... on level 1 of the Dungeon.
             The game lasted 00:00:27 (646 turns).

SmokeWeed the Sneak (Kobold Enchanter)               Turns: 646, Time: 00:00:29

Health: -2/10      AC:  2    Str:  5    XL:     1   Next: 55%
Magic:  3/3        EV: 15    Int: 16    God:
Gold:   4          SH:  0    Dex: 15    Spells: 4/4 levels left

rFire   . . .        a - +1 dagger
rCold   . . .        (no shield)
rNeg    . . .        b - +0 robe
rPois   .            (no helmet)
rElec   .            (no cloak)
rCorr   .            (no gloves)
SInv    .            (no boots)
Will    .....        (no amulet)
Stlth   ++++         (no ring)
HPRegen 0.21/turn    (no ring)
MPRegen 0.08/turn

%: no passive effects
@: no status effects
A: small, no large weapons, nightstalker 3
a: no special abilities


You were on level 1 of the Dungeon.
You visited 1 branch of the dungeon, and saw 1 of its levels.

You collected 4 gold pieces.

Inventory:

Hand Weapons
 a - a +1 dagger (weapon)
Missiles
 e - 4 poisoned darts (quivered)
Armour
 b - a +0 robe (worn)
Potions
 c - 2 potions of invisibility
 d - a potion of attraction {unknown}


   Skills:
 + Level 1.3 Short Blades
 + Level 2.4 Dodging
 + Level 4.2 Stealth
 + Level 2.2 Spellcasting
 + Level 3.0 Hexes


You had 4 spell levels left.
You didn't know any spells.
Your spell library contained the following spells:

 Spells                   Type           Power      Damage    Failure   Level
 Ensorcelled Hibernation  Hex/Ice        12%        N/A       16%         2
 Confusing Touch          Hex            11%        N/A       17%         3
 Tukima's Dance           Hex            11%        N/A       17%         3
 Dazzling Flash           Conj/Hex       12%        N/A       32%         3


Dungeon Overview and Level Annotations

Branches:
Dungeon (1/15)

Altars:


Innate Abilities, Weirdness & Mutations

You are small and have problems with some larger weapons.
You are completely attuned to the shadows.


Message History

There is a stone staircase leading down here.
Found a stone staircase leading down.
There is a stone staircase leading down here.
A giant cockroach comes into view.
The helpless giant cockroach fails to defend itself.
You impale the giant cockroach!!
You kill the giant cockroach!
No target in view!
You open the door.
There is an open door here.
There is a fountain of clear blue water here.
There is an open door here.
There is an open door here.
There is an open door here.
Found a mace.
Found 4 stones.
You see here 4 stones.
An endoplasm comes into view.
The endoplasm quivers.
The endoplasm hits you.
You barely miss the endoplasm. The endoplasm freezes you.
You are frozen.
Ouch! That really hurt!
* * * LOW HITPOINT WARNING * * *
You are too injured to fight recklessly!
You are too injured to fight recklessly!
Throw: 6 darts (poison)
Press: ? - help, Q - select action Shift-Dir - straight line, f - endoplasm
Aim: an endoplasm (84% to hit)
You throw a poisoned dart. The poisoned dart hits the endoplasm.
The endoplasm barely misses you.
Unknown command.
Throw: 5 darts (poison)
Press: ? - help, Q - select action Shift-Dir - straight line, f/p - endoplasm
Aim: an endoplasm (84% to hit)
You throw a poisoned dart. The poisoned dart hits the endoplasm.
The endoplasm freezes you.
You are frozen.
You die...

##### #.#.###
##...... ..#
.....## #.######
##.#.# #.#....#
##.#.# ####.#.##.#
[..#.#........##@#
####.#.####.####J#
.......#....# #.#
.......#.#..# ...
.......#.#..##.#.#
..)....#.#.....#
.......#.#.###.#
#####..#...#
#####..###.#.#


You could see an endoplasm.

Vanquished Creatures
  A giant cockroach (D:1)
  A hobgoblin (D:1)
  A kobold (D:1)
3 creatures vanquished.

Notes
Turn   | Place    | Note
-------+----------+-------------------------------------------
     0 | D:1      | SmokeWeed the Kobold Enchanter began the quest for the Orb.
     0 | D:1      | Reached XP level 1. HP: 10/10 MP: 3/3
   646 | D:1      | Frozen to death by an endoplasm

Illustrated notes

Levels and vault maps discovered:
D:1:      psy_arrival_fountain, layout_basic

Action                     || total
---------------------------++-------
  Melee: Dagger            ||     6
  Throw: Dart              ||     2
    Use: Scroll            ||     1
   Stab: Sleeping          ||     2
 Armour: Robe              ||     3
  Dodge: Dodged            ||     2

Table legend: (Time is in decaauts)
 A = Elapsed time spent in this place.
 B = Non-inter-level travel time spent in this place.
 C = Inter-level travel time spent in this place.
 D = Time resting spent in this place.
 E = Time spent auto-exploring this place.
 F = Levels seen in this place.
 G = Mean time per level.
                   A        B        C        D        E       F      G
               +--------+--------+--------+--------+--------+-----+--------+
         Total |    645 |    645 |      0 |      0 |    605 |   1 |  645.0 |
       Dungeon |    645 |    645 |      0 |      0 |    605 |   1 |  645.0 |
               +--------+--------+--------+--------+--------+-----+--------+

Top non-repeatable levels by time:
     D:1: 645 daAuts
